Map: Blackpink LE

Players

fruitcake

  • Race: Terran Terran
  • Spawn Location: 1:00

thebeastden - Winner!

  • Race: Protoss Protoss
  • League: Gold
  • Spawn Location: 7:00

VOD

Have the link to the VOD?

Description

Time

  • Played on: May 11, 2018, 5:20 p.m.
  • Length: 12:51
Show
View Real Time Build Order
Export as new Build Order

fruitcake Terran 

Build Orders: Cyclone Opening 

Get SALT Encoding   

  12  0:01  SCV  
  13  0:16  Supply Depot  
  13  0:18  SCV  
  14  0:25  Refinery  
  14  0:30  SCV  
  15  0:44  SCV  
  16  0:51  Barracks  
  16  0:56  SCV  
  17  1:08  SCV  
  17  1:11  Supply Depot  
  18  1:20  SCV, Refinery  
  20  1:32  SCV  
  20  1:39  Marine  
  21  1:45  SCV, Factory  
  22  1:56  Marine  
  22  1:57  SCV  
  24  2:14  Marine  
  25  2:16  Supply Depot  
  25  2:29  Supply Depot  
  25  2:32  Marine  
  26  2:39  Bunker  
  27  2:45  Orbital Command  
  27  2:50  Cyclone  
  29  2:59  Barracks Reactor  
  29  3:22  Cyclone  
  32  3:35  Marine x2  
  33  3:53  Marine x2  
  35  3:57  Cyclone  
  38  4:13  Command Center  
  38  4:28  Marine x2  
  38  4:29  Cyclone  
  43  4:34  Engineering Bay  
  43  4:38  Supply Depot  
  43  4:39  Supply Depot  
  43  4:46  Marine  
  44  5:01  Missile Turret  
  44  5:06  SCV  
  45  5:14  Missile Turret  
  45  5:18  SCV  
  45  5:20  Terran Infantry Weapons Level 1  
  46  5:29  Factory Tech Lab  
  46  5:30  SCV  
  47  5:37  Starport  
  47  5:43  SCV x2  
  49  5:55  SCV x2, Siege Tank  
  54  6:07  SCV  
  54  6:10  Refinery x2  
  54  6:11  Marine x2  
  57  6:19  Medivac  
  59  6:29  Marine  
  60  6:35  SCV  
  60  6:38  Liberator  
  46  6:47  SCV  
  46  7:02  Siege Tank  
  48  7:14  Marine x2  
  46  7:21  Liberator  
  43  7:32  Marine x2  
  43  7:34  Siege Tank  
  50  7:49  Marine  
  50  7:50  Marine, Terran Infantry Armor Level 1  
  52  8:06  Siege Tank  
  55  8:37  Liberator  
  55  8:50  Supply Depot  
  55  8:51  Supply Depot  
  55  8:54  Marine x2  
  60  8:57  Supply Depot  
  60  9:11  Marine x2  
  62  9:18  Barracks  
  61  9:29  Marine x2  
  63  9:47  Marine x2  
  65  10:05  Command Center  
  65  10:09  Refinery  
  65  10:15  Sensor Tower  
  65  10:52  Sensor Tower  
  65  10:54  Siege Tank  
  65  10:55  Marine x2  
  70  11:02  Starport Reactor  
  70  11:13  Marine x2  
  72  11:20  SCV  
  73  11:26  Siege Tank  
  73  11:30  Marine  
  73  11:31  Marine  
  73  11:32  SCV  
  79  11:39  Barracks Tech Lab  
  79  11:44  SCV  
  83  11:48  Marine x2  
  81  11:56  SCV  
  81  11:59  Cyclone  
  85  12:06  Marine x2, Viking x2  
  85  12:24  Marine x2  
Show
View Real Time Build Order
Export as new Build Order

thebeastden Protoss - Winner!

Build Orders:  

Get SALT Encoding   

  12  0:01  Probe  
  13  0:13  Probe  
  14  0:18  Pylon  
  14  0:25  Probe  
  15  0:33  Probe  
  15  0:41  Probe  
  16  0:47  Gateway  
  17  0:52  Probe  
  18  1:04  Probe  
  18  1:05  Gateway  
  19  1:13  Assimilator  
  19  1:16  Probe  
  20  1:19  Pylon  
  20  1:28  Probe  
  21  1:35  Cybernetics Core  
  21  1:39  Zealot  
  21  1:40  Probe  
  22  1:52  Probe  
  25  2:04  Probe  
  26  2:09  Nexus  
  26  2:11  Warp Gate  
  26  2:14  Pylon  
  26  2:19  Stalker  
  26  2:20  Assimilator  
  26  2:25  Probe  
  29  2:40  Pylon  
  29  2:42  Probe  
  30  2:49  Stalker  
  32  2:54  Probe  
  33  2:59  Stalker  
  33  3:05  Pylon  
  35  3:07  Probe  
  36  3:19  Stalker, Probe  
  39  3:28  Probe  
  39  3:33  Stalker  
  42  3:37  Probe  
  43  3:42  Gateway  
  41  3:49  Probe  
  41  3:52  Robotics Facility  
  42  3:55  Assimilator  
  42  4:02  Stalker  
  42  4:08  Shield Battery  
  44  4:13  Probe  
  45  4:23  Probe  
  46  4:25  Probe  
  46  4:30  Immortal  
  47  4:32  Twilight Council  
  47  4:35  Probe  
  48  4:39  Robotics Facility  
  48  4:44  Probe  
  53  4:50  Charge  
  53  4:52  Pylon  
  53  4:56  Probe  
  53  4:57  Pylon  
  54  5:04  Immortal  
  54  5:06  Zealot  
  56  5:08  Probe  
  61  5:17  Forge  
  61  5:20  Probe  
  62  5:28  Immortal  
  62  5:32  Probe  
  62  5:35  Assimilator  
  67  5:39  Pylon  
  67  5:49  Stalker x3  
  73  5:54  Protoss Ground Weapons Level 1  
  73  5:59  Observer  
  73  6:03  Probe  
  75  6:14  Photon Cannon  
  75  6:15  Probe  
  76  6:19  Immortal  
  76  6:20  Warp Prism  
  76  6:22  Zealot x2  
  86  6:27  Probe  
  86  6:30  Zealot  
  87  6:50  Gateway x2  
  87  6:52  Gateway  
  87  6:53  Gateway  
  87  7:00  Immortal  
  91  7:06  Probe  
  88  7:18  Probe  
  89  7:28  Zealot x2  
  91  7:59  Stalker  
  91  8:03  Protoss Ground Weapons Level 2  
  93  8:22  Pylon  
  93  8:23  Pylon x2, Protoss Air Weapons Level 1  
  93  8:25  Nexus  
  93  8:40  Immortal  
  97  8:43  Stargate  
  97  8:44  Stargate  
  97  8:47  Probe  
  98  8:54  Blink  
  98  8:59  Probe  
  99  9:11  Probe  
  100  9:20  Immortal  
  100  9:23  Probe  
  105  9:31  Fleet Beacon  
  105  9:36  Probe  
  106  9:43  Forge  
  106  9:46  Forge  
  106  10:07  Protoss Air Armor Level 1  
  106  10:09  Probe  
  107  10:19  Protoss Ground Armor Level 1  
  107  10:21  Probe, Tempest x2  
  118  10:33  Probe  
  119  10:35  Templar Archives  
  119  10:45  Probe  
  120  10:56  Nexus  
  120  10:57  Probe  
  120  11:04  Tempest x2  
  121  11:08  Assimilator  
  133  11:12  Assimilator  
  133  11:18  Pylon x2  
  133  11:20  Pylon  
  133  11:33  Pylon  
  133  11:40  Assimilator  
  133  11:43  Assimilator  
  131  12:33  Zealot  
  131  12:34  Zealot x6  
Tags
 
Add a new tag
Caveats
  • Supply blocks, unpowered buildings, or Contaminate may cause inaccurate times.
  • Supply counts are checked every 10 seconds.